Toronto Maple Leafs vs Anaheim Ducks
Created - Wednesday, May 1, 2024 at 06:56
Goals
|
| Toronto Maple Leafs |
0 |
1 |
3 |
4 |
| Anaheim Ducks |
0 |
1 |
1 |
2 |
|
Shots
|
| Toronto Maple Leafs |
12 |
12 |
17 |
41 |
| Anaheim Ducks |
11 |
19 |
6 |
36 |
|
1st period
No Goal
Penalties :
John Tavares (ANA) for Holding (Minor) at 10:29
2nd period
1. Toronto Maple Leafs , Aaron Ekblad 5 (Brady Tkachuk 32, Troy Terry 20) at 12:34 (PP)
2. Anaheim Ducks , Nazem Kadri 12 (Mason Marchment 13, Ivan Provorov 13) at 18:25
Penalties :
J.T. Compher (ANA) for Hooking (Minor) at 11:53, Mark Scheifele (ANA) for Roughing (Minor) at 15:30
3rd period
3. Anaheim Ducks , Nazem Kadri 13 (Mason Marchment 14, Joshua Morrissey 26) at 3:40
4. Toronto Maple Leafs , Brandon Saad 19 (Trevor Zegras 39, Scott Laughton 34) at 5:15 (PP)
5. Toronto Maple Leafs , Nicolas Roy 11 (Andrew Mangiapane 24) at 14:22
6. Toronto Maple Leafs , Aaron Ekblad 6 (Nicolas Roy 13) at 19:41 (Empty Net)
Penalties :
Josh Manson (ANA) for Hooking (Minor) at 0:28, Mason Marchment (ANA) for Hooking (Minor) at 5:09, Josh Manson (ANA) for Hooking (Minor) at 17:04
Goalie Stats
Cam Talbot (TOR), 34 saves from 36 shots - (0.944), W, 26-15-2, 60:00 minutes
Linus Ullmark (ANA), 37 saves from 40 shots - (0.925), L, 28-17-1, 59:31 minutes
Players Stats for Toronto Maple Leafs
Player Name G A P +/- PIM S H SB GA TA FO MP PP MP PK MP
------------------------------------------------------------------------------------
Aaron Ekblad 2 0 2 -1 0 6 2 1 1 1 0/0 26:37 4:34 0:00
Andrew Mangiapane 0 1 1 2 0 0 0 1 1 0 0/1 12:55 0:00 0:00
Brady Tkachuk 0 1 1 0 0 7 1 0 0 1 0/0 19:05 4:23 0:00
Brandon Saad 1 0 1 0 0 4 1 0 0 1 2/4 18:51 4:20 0:00
Cody Ceci 0 0 0 -1 0 0 1 3 0 1 0/0 26:37 4:34 0:00
Dougie Hamilton 0 0 0 0 0 3 0 1 1 2 0/0 19:00 4:09 0:00
Kyle Okposo 0 0 0 -2 0 2 1 1 1 0 0/1 9:09 0:00 0:00
Luke Schenn 0 0 0 1 0 1 0 1 0 0 0/0 14:23 0:00 0:00
Mario Ferraro 0 0 0 1 0 1 0 0 0 0 0/0 14:23 0:00 0:00
Nick Bjugstad 0 0 0 -2 0 2 0 0 1 1 3/5 9:09 0:00 0:00
Nicolas Roy 1 1 2 2 0 2 2 1 0 0 4/10 12:55 0:00 0:00
Nino Niederreiter 0 0 0 2 0 0 0 0 0 0 0/0 12:55 0:00 0:00
Ryan Pulock 0 0 0 0 0 1 1 1 0 0 0/0 19:00 4:09 0:00
Sam Bennett 0 0 0 0 0 6 1 0 0 0 9/21 19:05 4:23 0:00
Scott Laughton 0 1 1 0 0 1 1 3 0 0 13/31 18:51 4:20 0:00
Trevor Zegras 0 1 1 0 0 5 1 0 1 1 0/0 18:51 4:20 0:00
Troy Terry 0 1 1 0 0 0 0 0 0 0 1/2 19:05 4:23 0:00
Warren Foegele 0 0 0 -2 0 0 1 0 0 0 0/0 9:09 0:00 0:00
Players Stats for Anaheim Ducks
Player Name G A P +/- PIM S H SB GA TA FO MP PP MP PK MP
------------------------------------------------------------------------------------
Alex Killorn 0 0 0 0 0 1 2 0 0 0 1/2 17:56 0:00 4:42
Brayden Schenn 0 0 0 -1 0 2 0 0 1 0 0/0 12:02 0:00 0:57
Brenden Dillon 0 0 0 0 0 0 1 2 0 0 0/0 20:49 0:00 5:07
Calle Jarnkrok 0 0 0 2 0 1 1 1 0 1 0/0 7:16 0:00 0:00
Chandler Stephenson 0 0 0 0 0 4 4 0 0 0 17/21 17:56 0:00 4:42
Esa Lindell 0 0 0 -1 0 0 0 1 0 2 0/0 23:08 0:00 4:21
Ivan Provorov 0 1 1 1 0 0 1 4 0 1 0/0 21:35 0:00 4:31
J.T. Compher 0 0 0 0 2 0 1 0 1 0 4/9 14:04 0:00 3:19
John Tavares 0 0 0 -1 2 3 2 0 0 0 19/35 19:25 0:00 0:00
Josh Manson 0 0 0 -1 4 1 1 1 0 0 0/0 19:23 0:00 2:49
Joshua Morrissey 0 1 1 -1 0 4 0 1 0 1 0/0 19:09 0:00 0:38
Mark Scheifele 0 0 0 -1 2 7 2 0 1 0 1/2 19:22 0:00 0:00
Mason Marchment 0 2 2 2 2 1 1 0 0 1 0/0 7:15 0:00 0:00
Max Domi 0 0 0 -1 0 2 1 0 1 0 0/1 11:47 0:00 0:42
Morgan Rielly 0 0 0 1 0 0 1 0 0 0 0/0 16:48 0:00 0:00
Nazem Kadri 2 0 2 2 0 2 1 0 0 0 1/3 7:16 0:00 0:00
Teuvo Teravainen 0 0 0 0 0 2 0 1 2 0 0/1 16:56 0:00 3:04
William Nylander 0 0 0 -1 0 6 1 0 2 0 0/1 19:04 0:00 0:00
3 Stars
1 - Nicolas Roy (TOR)
2 - Nazem Kadri (ANA)
3 - Aaron Ekblad (TOR)
Power Play
Toronto Maple Leafs - 2 on 6 Attempt(s) - 33.33%
Anaheim Ducks - 0 on 0 Attempt(s) - 0.00%
Penalty Kill
Toronto Maple Leafs - 0 on 0 Attempt(s) - 0.00%
- Score 0 goal in Penalty Kill
Anaheim Ducks - 4 on 6 Attempt(s) - 66.67%
- Score 0 goal in Penalty Kill
Team Stat
Toronto Maple Leafs - Hits : 13 - Faceoff Wins : 32 - Blocked Shots : 13 - Penalty Minutes : 0
Anaheim Ducks - Hits : 20 - Faceoff Wins : 43 - Blocked Shots : 11 - Penalty Minutes : 12
Official
Referees : Jean Hebert and Kendrick Nicholson
Linesman : Trent Knorr and Ryan Galloway
Game Notes
Aaron Ekblad has scored in a empty net!
Finance
Level 1 -- Attendance: 4437 (73.95%) -- Ticket Income $443,700
Level 2 -- Attendance: 4077 (81.54%) -- Ticket Income $244,620
Level 3 -- Attendance: 1980 (66.00%) -- Ticket Income $91,080
Level 4 -- Attendance: 3700 (74.00%) -- Ticket Income $92,500
Luxury Box -- Attendance: 812 (81.20%) -- Ticket Income $162,400
Game was played at the Honda Center.
Total Attendance: 15006 (75.03%)
Total Ticket Income: $1,034,300
Other Income: $362,005
Total Income: $1,396,305
Toronto Maple Leafs
5 vs 5 Forward
Center Left Wing Right Wing Time % Phy DF OF
1 Sam Bennett Brady Tkachuk Troy Terry 30 1 2 2
2 Scott Laughton Trevor Zegras Brandon Saad 30 1 2 2
3 Nicolas Roy Andrew Mangiapane Nino Niederreiter 25 1 2 2
4 Nick Bjugstad Warren Foegele Kyle Okposo 15 1 2 2
5 vs 5 Defense
Defense Defense Time % Phy DF OF
1 Aaron Ekblad Cody Ceci 30 1 2 2
2 Dougie Hamilton Ryan Pulock 30 1 2 2
3 Mario Ferraro Luke Schenn 25 1 2 2
4 Aaron Ekblad Cody Ceci 15 1 2 2
PowerPlay Forward
Center Left Wing Right Wing Time % Phy DF OF
1 Sam Bennett Brady Tkachuk Troy Terry 50 1 2 2
2 Scott Laughton Trevor Zegras Brandon Saad 50 1 2 2
PowerPlay Defense
Defense Defense Time % Phy DF OF
1 Aaron Ekblad Cody Ceci 50 1 2 2
2 Dougie Hamilton Ryan Pulock 50 1 2 2
Penalty Kill 4 Players Forward
Center Wing Time % Phy DF OF
1 Brady Tkachuk Sam Bennett 50 1 2 2
2 Scott Laughton Trevor Zegras 50 1 2 2
Penalty Kill 4 Players Defense
Defense Defense Time % Phy DF OF
1 Aaron Ekblad Cody Ceci 50 1 2 2
2 Dougie Hamilton Ryan Pulock 50 1 2 2
Penalty Kill - 3 Players Forward
Forward Time % Phy DF OF
1 Brady Tkachuk 50 1 2 2
2 Sam Bennett 50 1 2 2
Penalty Kill - 3 Players Defense
Defense Defense Time % Phy DF OF
1 Aaron Ekblad Cody Ceci 50 1 2 2
2 Dougie Hamilton Ryan Pulock 50 1 2 2
4 vs 4 Forward
Center Wing Time % Phy DF OF
1 Brady Tkachuk Sam Bennett 50 1 2 2
2 Scott Laughton Trevor Zegras 50 1 2 2
4 vs 4 Defense
Defense Defense Time % Phy DF OF
1 Aaron Ekblad Cody Ceci 50 1 2 2
2 Dougie Hamilton Ryan Pulock 50 1 2 2
Last Minutes Offensive
Center Left Wing Right Wing Defense Defense
Sam Bennett Brady Tkachuk Troy Terry Aaron Ekblad Cody Ceci
Last Minutes Defensive
Center Left Wing Right Wing Defense Defense
Sam Bennett Brady Tkachuk Troy Terry Aaron Ekblad Cody Ceci
Goaltenders
Starting : Cam Talbot
Backup : Frederik Andersen
Extra Forwards
Normal : Andrew Mangiapane, Nicolas Roy, Nino Niederreiter - PP : Andrew Mangiapane, Nicolas Roy - PK : Nino Niederreiter
Extra Defensemen
Normal : Mario Ferraro, Luke Schenn, Dougie Hamilton - PP : Mario Ferraro - PK : Luke Schenn, Dougie Hamilton
Penalty Shots
Brady Tkachuk, Sam Bennett, Scott Laughton, Trevor Zegras, Troy Terry
Anaheim Ducks
5 vs 5 Forward
Center Left Wing Right Wing Time % Phy DF OF
1 John Tavares William Nylander Mark Scheifele 40 1 2 2
2 Chandler Stephenson Teuvo Teravainen Alex Killorn 30 1 2 2
3 J.T. Compher Max Domi Brayden Schenn 20 1 2 2
4 Nazem Kadri Calle Jarnkrok Mason Marchment 10 1 2 2
5 vs 5 Defense
Defense Defense Time % Phy DF OF
1 Esa Lindell Joshua Morrissey 35 1 2 2
2 Ivan Provorov Morgan Rielly 35 1 2 2
3 Brenden Dillon Josh Manson 30 1 2 2
4 Morgan Rielly Esa Lindell 0 1 2 2
PowerPlay Forward
Center Left Wing Right Wing Time % Phy DF OF
1 John Tavares William Nylander Mark Scheifele 60 1 1 3
2 Chandler Stephenson Teuvo Teravainen Alex Killorn 40 0 1 4
PowerPlay Defense
Defense Defense Time % Phy DF OF
1 Joshua Morrissey Morgan Rielly 60 1 2 2
2 Josh Manson Esa Lindell 40 1 2 2
Penalty Kill 4 Players Forward
Center Wing Time % Phy DF OF
1 Chandler Stephenson Alex Killorn 55 1 3 1
2 J.T. Compher Teuvo Teravainen 45 1 3 1
Penalty Kill 4 Players Defense
Defense Defense Time % Phy DF OF
1 Esa Lindell Ivan Provorov 50 1 3 1
2 Brenden Dillon Josh Manson 50 1 3 1
Penalty Kill - 3 Players Forward
Forward Time % Phy DF OF
1 Alex Killorn 50 1 3 1
2 Chandler Stephenson 50 1 3 1
Penalty Kill - 3 Players Defense
Defense Defense Time % Phy DF OF
1 Esa Lindell Ivan Provorov 50 1 3 1
2 Josh Manson Brenden Dillon 50 1 3 1
4 vs 4 Forward
Center Wing Time % Phy DF OF
1 John Tavares William Nylander 60 1 2 2
2 Chandler Stephenson Mark Scheifele 40 1 2 2
4 vs 4 Defense
Defense Defense Time % Phy DF OF
1 Esa Lindell Morgan Rielly 50 1 2 2
2 Ivan Provorov Brenden Dillon 50 1 2 2
Last Minutes Offensive
Center Left Wing Right Wing Defense Defense
John Tavares William Nylander Mark Scheifele Joshua Morrissey Morgan Rielly
Last Minutes Defensive
Center Left Wing Right Wing Defense Defense
Chandler Stephenson Alex Killorn J.T. Compher Ivan Provorov Esa Lindell
Goaltenders
Starting : Linus Ullmark
Backup : James Reimer
Extra Forwards
Normal : William Nylander, John Tavares, Mark Scheifele - PP : William Nylander, John Tavares - PK : Alex Killorn
Extra Defensemen
Normal : Esa Lindell, Morgan Rielly, Joshua Morrissey - PP : Morgan Rielly - PK : Esa Lindell, Ivan Provorov
Penalty Shots
Brenden Dillon, Teuvo Teravainen, Mark Scheifele, Calle Jarnkrok, Alex Killorn
% Time on Ice - Toronto Maple Leafs
Lines # - Real PCT - Wanted PCT - Time Play
Normal Forward
1 - 29% - 30% - 14:42
2 - 29% - 30% - 14:31
3 - 24% - 25% - 12:21
4 - 18% - 15% - 9:09
Normal Defense
1 - 30% - 30% - 15:03
2 - 29% - 30% - 14:51
3 - 28% - 25% - 14:23
4 - 13% - 15% - 6:26
PP Forward
1 - 50% - 50% - 4:23
2 - 50% - 50% - 4:20
PP Defense
1 - 52% - 50% - 4:34
2 - 48% - 50% - 4:09
PK Forward
1 - 0% - 50%
2 - 0% - 50%
PK Defense
1 - 0% - 50%
2 - 0% - 50%
PK3 Forward
1 - 0% - 50%
2 - 0% - 50%
PK3 Defense
1 - 0% - 50%
2 - 0% - 50%
44 Forward
1 - 0% - 50%
2 - 0% - 50%
44 Defense
1 - 0% - 50%
2 - 0% - 50%
Last Minute Offensive - 0:00
Last Minute Defensive - 0:34
Total
Forward - 60:00
Defense - 60:00
|
% Time on Ice - Anaheim Ducks
Lines # - Real PCT - Wanted PCT - Time Play
Normal Forward
1 - 39% - 40% - 20:01
2 - 27% - 30% - 14:00
3 - 19% - 20% - 10:00
4 - 14% - 10% - 7:16
Normal Defense
1 - 35% - 35% - 18:09
2 - 36% - 35% - 18:27
3 - 29% - 30% - 14:41
4 - 0% - 0% - 0:00
PP Forward
1 - 0% - 60%
2 - 0% - 40%
PP Defense
1 - 0% - 60%
2 - 0% - 40%
PK Forward
1 - 62% - 55% - 5:24
2 - 38% - 45% - 3:19
PK Defense
1 - 37% - 50% - 3:15
2 - 63% - 50% - 5:28
PK3 Forward
1 - 0% - 50%
2 - 0% - 50%
PK3 Defense
1 - 0% - 50%
2 - 0% - 50%
44 Forward
1 - 0% - 60%
2 - 0% - 40%
44 Defense
1 - 0% - 50%
2 - 0% - 50%
Last Minute Offensive - 0:00
Last Minute Defensive - 0:00
Total
Forward - 60:00
Defense - 60:00
|
Play-by-Play
1st period
0:01 of 1st period - Sam Bennett wins face-off versus John Tavares in neutral zone.
0:51 of 1st period - Chandler Stephenson is hit by Scott Laughton and loses puck.
1:00 of 1st period - Slapshot by Chandler Stephenson.
1:00 of 1st period - Stopped by Cam Talbot without a rebound.
1:01 of 1st period - Nicolas Roy wins face-off versus Nazem Kadri in Toronto Maple Leafs zone.
1:01 of 1st period - Nicolas Roy is hit by Josh Manson.
2:13 of 1st period - Slapshot by Mark Scheifele.
2:13 of 1st period - Stopped by Cam Talbot with a rebound.
2:23 of 1st period - Aaron Ekblad is hit by Mark Scheifele and loses puck.
2:50 of 1st period - Wrist shot by Brady Tkachuk.
2:50 of 1st period - Stopped by Linus Ullmark without a rebound.
2:51 of 1st period - Chandler Stephenson wins face-off versus Nicolas Roy in Anaheim Ducks zone.
4:50 of 1st period - Trevor Zegras is hit by Nazem Kadri and loses puck.
5:07 of 1st period - Andrew Mangiapane is hit by Chandler Stephenson and loses puck.
5:24 of 1st period - Wrist shot by Kyle Okposo.
5:24 of 1st period - Shot Misses the Net.
5:56 of 1st period - Brenden Dillon is hit by Sam Bennett and loses puck.
6:07 of 1st period - Slapshot by Brady Tkachuk.
6:07 of 1st period - Stopped by Linus Ullmark without a rebound.
6:08 of 1st period - J.T. Compher wins face-off versus Nicolas Roy in Anaheim Ducks zone.
6:21 of 1st period - Wrist shot by Brayden Schenn.
6:21 of 1st period - Deflect By Andrew Mangiapane.
6:21 of 1st period - Shot Blocked by Nicolas Roy.
6:21 of 1st period - Puck is out of play.
6:22 of 1st period - Brandon Saad wins face-off versus John Tavares in Toronto Maple Leafs zone.
6:22 of 1st period - Brandon Saad is hit by John Tavares.
6:33 of 1st period - Snap shot by Brandon Saad.
6:33 of 1st period - Deflect By Trevor Zegras.
6:33 of 1st period - Shot Misses the Net.
6:33 of 1st period - Puck is out of play.
6:34 of 1st period - Scott Laughton wins face-off versus Alex Killorn in Anaheim Ducks zone.
6:41 of 1st period - Slapshot by Scott Laughton.
6:41 of 1st period - Shot Blocked by Esa Lindell.
6:43 of 1st period - Backhand shot by Trevor Zegras.
6:43 of 1st period - Stopped by Linus Ullmark without a rebound.
6:44 of 1st period - Chandler Stephenson wins face-off versus Scott Laughton in Anaheim Ducks zone.
6:48 of 1st period - Off-side.
6:49 of 1st period - John Tavares wins face-off versus Nicolas Roy in neutral zone.
7:39 of 1st period - Off-side.
7:40 of 1st period - Scott Laughton wins face-off versus J.T. Compher in neutral zone.
8:11 of 1st period - Slapshot by William Nylander.
8:11 of 1st period - Stopped by Cam Talbot with a rebound.
8:13 of 1st period - Slapshot by Esa Lindell.
8:13 of 1st period - Shot Blocked by Cody Ceci.
8:15 of 1st period - Slapshot by Esa Lindell.
8:15 of 1st period - Shot Blocked by Aaron Ekblad.
8:17 of 1st period - Slapshot by Joshua Morrissey.
8:17 of 1st period - Stopped by Cam Talbot with a rebound.
8:19 of 1st period - Snap shot by Mark Scheifele.
8:19 of 1st period - Stopped by Cam Talbot without a rebound.
8:20 of 1st period - Chandler Stephenson wins face-off versus Andrew Mangiapane in Toronto Maple Leafs zone.
8:47 of 1st period - Icing by Morgan Rielly.
8:48 of 1st period - Chandler Stephenson wins face-off versus Sam Bennett in Anaheim Ducks zone.
9:32 of 1st period - Wrist shot by Sam Bennett.
9:32 of 1st period - Stopped by Linus Ullmark with a rebound.
10:18 of 1st period - Off-side.
10:19 of 1st period - John Tavares wins face-off versus Scott Laughton in neutral zone.
10:21 of 1st period - Off-side.
10:22 of 1st period - John Tavares wins face-off versus Scott Laughton in neutral zone.
10:29 of 1st period - Minor Penalty to John Tavares for Holding.
10:30 of 1st period - J.T. Compher wins face-off versus Brandon Saad in Anaheim Ducks zone.
10:44 of 1st period - Snap shot by Brandon Saad.
10:44 of 1st period - Stopped by Linus Ullmark without a rebound.
10:45 of 1st period - Scott Laughton wins face-off versus Chandler Stephenson in Anaheim Ducks zone.
10:51 of 1st period - Off-side.
10:52 of 1st period - Chandler Stephenson wins face-off versus Scott Laughton in neutral zone.
10:55 of 1st period - Ryan Pulock is hit by Alex Killorn and loses puck.
11:02 of 1st period - Snap shot by Brandon Saad.
11:02 of 1st period - Shot Blocked by Brenden Dillon.
11:04 of 1st period - Snap shot by Trevor Zegras.
11:04 of 1st period - Shot Misses the Net.
11:06 of 1st period - Wrist shot by Scott Laughton.
11:06 of 1st period - Shot Misses the Net.
11:08 of 1st period - Snap shot by Ryan Pulock.
11:08 of 1st period - Shot Blocked by Brenden Dillon.
12:29 of 1st period - Penalty to John Tavares is over, John Tavares is back on ice.
12:35 of 1st period - J.T. Compher is hit by Nicolas Roy and loses puck.
13:17 of 1st period - Esa Lindell is hit by Aaron Ekblad and loses puck.
13:28 of 1st period - Esa Lindell is hit by Ryan Pulock and loses puck.
13:53 of 1st period - Snap shot by Mark Scheifele.
13:53 of 1st period - Stopped by Cam Talbot with a rebound.
13:55 of 1st period - Wrist shot by Mark Scheifele.
13:55 of 1st period - Shot Misses the Net.
13:57 of 1st period - Snap shot by Mark Scheifele.
13:57 of 1st period - Deflect By William Nylander.
13:57 of 1st period - Shot Misses the Net.
13:57 of 1st period - Puck is out of play.
13:58 of 1st period - J.T. Compher wins face-off versus Scott Laughton in Toronto Maple Leafs zone.
14:07 of 1st period - Wrist shot by Brayden Schenn.
14:07 of 1st period - Shot Blocked by Ryan Pulock.
14:25 of 1st period - Ryan Pulock is hit by Morgan Rielly.
14:33 of 1st period - Backhand shot by Kyle Okposo.
14:33 of 1st period - Stopped by Linus Ullmark with a rebound.
14:53 of 1st period - Wrist shot by Teuvo Teravainen.
14:53 of 1st period - Stopped by Cam Talbot with a rebound.
15:01 of 1st period - Teuvo Teravainen is hit by Cody Ceci and loses puck.
15:06 of 1st period - Snap shot by Nicolas Roy.
15:06 of 1st period - Stopped by Linus Ullmark without a rebound.
15:07 of 1st period - Scott Laughton wins face-off versus Max Domi in Anaheim Ducks zone.
15:08 of 1st period - Snap shot by Trevor Zegras.
15:08 of 1st period - Stopped by Linus Ullmark without a rebound.
15:09 of 1st period - J.T. Compher wins face-off versus Scott Laughton in Anaheim Ducks zone.
15:39 of 1st period - Snap shot by Nicolas Roy.
15:39 of 1st period - Deflect By Andrew Mangiapane.
15:39 of 1st period - Shot Blocked by Josh Manson.
15:39 of 1st period - Puck is out of play.
15:40 of 1st period - Nicolas Roy wins face-off versus John Tavares in Anaheim Ducks zone.
16:09 of 1st period - Snap shot by Brandon Saad.
16:09 of 1st period - Stopped by Linus Ullmark without a rebound.
16:10 of 1st period - Scott Laughton wins face-off versus J.T. Compher in Anaheim Ducks zone.
17:22 of 1st period - Snap shot by Brayden Schenn.
17:22 of 1st period - Shot Blocked by Scott Laughton.
17:24 of 1st period - Slapshot by Josh Manson.
17:24 of 1st period - Shot Blocked by Scott Laughton.
17:28 of 1st period - Wrist shot by Brayden Schenn.
17:28 of 1st period - Stopped by Cam Talbot without a rebound.
17:29 of 1st period - John Tavares wins face-off versus Sam Bennett in Toronto Maple Leafs zone.
17:30 of 1st period - Wrist shot by Mark Scheifele.
17:30 of 1st period - Shot Misses the Net.
17:32 of 1st period - Slapshot by Joshua Morrissey.
17:32 of 1st period - Stopped by Cam Talbot without a rebound.
17:33 of 1st period - John Tavares wins face-off versus Sam Bennett in Toronto Maple Leafs zone.
17:46 of 1st period - Wrist shot by William Nylander.
17:46 of 1st period - Stopped by Cam Talbot without a rebound.
17:47 of 1st period - Nick Bjugstad wins face-off versus John Tavares in Toronto Maple Leafs zone.
17:47 of 1st period - Nick Bjugstad is hit by John Tavares.
17:54 of 1st period - Icing by Aaron Ekblad.
17:55 of 1st period - Nick Bjugstad wins face-off versus John Tavares in Toronto Maple Leafs zone.
18:00 of 1st period - Slapshot by Aaron Ekblad.
18:00 of 1st period - Shot Misses the Net.
18:46 of 1st period - Slapshot by Teuvo Teravainen.
18:46 of 1st period - Shot Misses the Net.
19:24 of 1st period - Slapshot by Dougie Hamilton.
19:24 of 1st period - Stopped by Linus Ullmark with a rebound.
19:26 of 1st period - Backhand shot by Dougie Hamilton.
19:26 of 1st period - Stopped by Linus Ullmark without a rebound.
19:27 of 1st period - Chandler Stephenson wins face-off versus Sam Bennett in Anaheim Ducks zone.
19:40 of 1st period - Backhand shot by Troy Terry.
19:40 of 1st period - Deflect By Brady Tkachuk.
19:40 of 1st period - Stopped by Linus Ullmark without a rebound.
19:41 of 1st period - Mark Scheifele wins face-off versus Scott Laughton in Anaheim Ducks zone.
19:48 of 1st period - Snap shot by John Tavares.
19:48 of 1st period - Deflect By William Nylander.
19:48 of 1st period - Stopped by Cam Talbot without a rebound.
19:49 of 1st period - Scott Laughton wins face-off versus William Nylander in Toronto Maple Leafs zone.
Goals for this period are 0 for Toronto Maple Leafs vs 0 for Anaheim Ducks.
Shots for this period are 12 for Toronto Maple Leafs vs 11 for Anaheim Ducks.
2nd period
0:01 of 2nd period - John Tavares wins face-off versus Sam Bennett in neutral zone.
0:09 of 2nd period - Slapshot by Aaron Ekblad.
0:09 of 2nd period - Stopped by Linus Ullmark without a rebound.
0:10 of 2nd period - John Tavares wins face-off versus Sam Bennett in Anaheim Ducks zone.
0:10 of 2nd period - John Tavares is hit by Brady Tkachuk.
0:24 of 2nd period - Snap shot by Mark Scheifele.
0:24 of 2nd period - Stopped by Cam Talbot with a rebound.
0:52 of 2nd period - Wrist shot by Sam Bennett.
0:52 of 2nd period - Stopped by Linus Ullmark with a rebound.
1:15 of 2nd period - Troy Terry is hit by William Nylander and loses puck.
1:24 of 2nd period - Snap shot by Mark Scheifele.
1:24 of 2nd period - Stopped by Cam Talbot with a rebound.
1:26 of 2nd period - Snap shot by John Tavares.
1:26 of 2nd period - Stopped by Cam Talbot with a rebound.
1:28 of 2nd period - Snap shot by William Nylander.
1:28 of 2nd period - Shot Misses the Net.
1:30 of 2nd period - Slapshot by Joshua Morrissey.
1:30 of 2nd period - Stopped by Cam Talbot without a rebound.
1:31 of 2nd period - Alex Killorn wins face-off versus Nicolas Roy in Toronto Maple Leafs zone.
1:36 of 2nd period - Wrist shot by Alex Killorn.
1:36 of 2nd period - Stopped by Cam Talbot with a rebound.
1:46 of 2nd period - Snap shot by Chandler Stephenson.
1:46 of 2nd period - Shot Blocked by Andrew Mangiapane.
1:48 of 2nd period - Slapshot by Brenden Dillon.
1:48 of 2nd period - Deflect By Chandler Stephenson.
1:48 of 2nd period - Stopped by Cam Talbot without a rebound.
1:49 of 2nd period - Nazem Kadri wins face-off versus Brandon Saad in Toronto Maple Leafs zone.
1:54 of 2nd period - Wrist shot by Nazem Kadri.
1:54 of 2nd period - Deflect By Calle Jarnkrok.
1:54 of 2nd period - Deflect By Mario Ferraro.
1:54 of 2nd period - Stopped by Cam Talbot with a rebound.
2:59 of 2nd period - Brandon Saad is hit by Mason Marchment and loses puck.
3:14 of 2nd period - Wrist shot by Chandler Stephenson.
3:14 of 2nd period - Shot Misses the Net.
3:26 of 2nd period - Cody Ceci is hit by Mark Scheifele.
3:56 of 2nd period - Slapshot by Mason Marchment.
3:56 of 2nd period - Stopped by Cam Talbot with a rebound.
4:02 of 2nd period - Sam Bennett is hit by Calle Jarnkrok and loses puck.
4:21 of 2nd period - Luke Schenn is hit by Alex Killorn and loses puck.
5:11 of 2nd period - Icing by Chandler Stephenson.
5:12 of 2nd period - Scott Laughton wins face-off versus Chandler Stephenson in Anaheim Ducks zone.
5:23 of 2nd period - Snap shot by Chandler Stephenson.
5:23 of 2nd period - Stopped by Cam Talbot without a rebound.
5:24 of 2nd period - John Tavares wins face-off versus Scott Laughton in Toronto Maple Leafs zone.
5:25 of 2nd period - Wrist shot by William Nylander.
5:25 of 2nd period - Stopped by Cam Talbot without a rebound.
5:26 of 2nd period - John Tavares wins face-off versus Scott Laughton in Toronto Maple Leafs zone.
6:16 of 2nd period - Chandler Stephenson is hit by Warren Foegele and loses puck.
7:03 of 2nd period - Wrist shot by Brayden Schenn.
7:03 of 2nd period - Stopped by Cam Talbot without a rebound.
7:04 of 2nd period - Scott Laughton wins face-off versus J.T. Compher in Toronto Maple Leafs zone.
7:21 of 2nd period - Wrist shot by Trevor Zegras.
7:21 of 2nd period - Shot Misses the Net.
7:23 of 2nd period - Snap shot by Scott Laughton.
7:23 of 2nd period - Shot Misses the Net.
7:29 of 2nd period - Slapshot by Brandon Saad.
7:29 of 2nd period - Shot Blocked by Ivan Provorov.
7:31 of 2nd period - Slapshot by Luke Schenn.
7:31 of 2nd period - Stopped by Linus Ullmark with a rebound.
7:37 of 2nd period - Slapshot by Scott Laughton.
7:37 of 2nd period - Stopped by Linus Ullmark without a rebound.
7:38 of 2nd period - Sam Bennett wins face-off versus John Tavares in Anaheim Ducks zone.
8:05 of 2nd period - Andrew Mangiapane is hit by Chandler Stephenson and loses puck.
8:46 of 2nd period - Joshua Morrissey is hit by Brandon Saad and loses puck.
8:57 of 2nd period - Mario Ferraro is hit by Max Domi and loses puck.
9:42 of 2nd period - Teuvo Teravainen is hit by Nicolas Roy and loses puck.
10:38 of 2nd period - Icing by Scott Laughton.
10:39 of 2nd period - John Tavares wins face-off versus Scott Laughton in Toronto Maple Leafs zone.
10:54 of 2nd period - Snap shot by Trevor Zegras.
10:54 of 2nd period - Stopped by Linus Ullmark without a rebound.
10:55 of 2nd period - Sam Bennett wins face-off versus Teuvo Teravainen in Anaheim Ducks zone.
11:10 of 2nd period - Slapshot by Chandler Stephenson.
11:10 of 2nd period - Stopped by Cam Talbot with a rebound.
11:22 of 2nd period - Brandon Saad is hit by Ivan Provorov and loses puck.
11:53 of 2nd period - Minor Penalty to J.T. Compher for Hooking.
11:54 of 2nd period - Chandler Stephenson wins face-off versus Sam Bennett in Anaheim Ducks zone.
12:02 of 2nd period - Snap shot by Brady Tkachuk.
12:02 of 2nd period - Deflect By Troy Terry.
12:02 of 2nd period - Shot Misses the Net.
12:02 of 2nd period - Puck is out of play.
12:03 of 2nd period - Chandler Stephenson wins face-off versus Sam Bennett in Anaheim Ducks zone.
12:32 of 2nd period - Snap shot by Brady Tkachuk.
12:32 of 2nd period - Stopped by Linus Ullmark with a rebound.
12:34 of 2nd period - Slapshot by Aaron Ekblad.
12:34 of 2nd period - Goal by Aaron Ekblad - Toronto Maple Leafs : 1 - Anaheim Ducks : 0.
12:35 of 2nd period - Nicolas Roy wins face-off versus John Tavares in neutral zone.
12:38 of 2nd period - Snap shot by Nino Niederreiter.
12:38 of 2nd period - Shot Misses the Net.
12:40 of 2nd period - Slapshot by Aaron Ekblad.
12:40 of 2nd period - Deflect By Joshua Morrissey.
12:40 of 2nd period - Stopped by Linus Ullmark with a rebound.
13:45 of 2nd period - Esa Lindell is hit by Kyle Okposo and loses puck.
14:09 of 2nd period - Snap shot by Max Domi.
14:09 of 2nd period - Stopped by Cam Talbot with a rebound.
14:11 of 2nd period - Wrist shot by Max Domi.
14:11 of 2nd period - Stopped by Cam Talbot without a rebound.
14:12 of 2nd period - John Tavares wins face-off versus Sam Bennett in Toronto Maple Leafs zone.
14:23 of 2nd period - Backhand shot by John Tavares.
14:23 of 2nd period - Stopped by Cam Talbot without a rebound.
14:24 of 2nd period - Brandon Saad wins face-off versus John Tavares in Toronto Maple Leafs zone.
14:39 of 2nd period - Wrist shot by Trevor Zegras.
14:39 of 2nd period - Stopped by Linus Ullmark without a rebound.
14:40 of 2nd period - Chandler Stephenson wins face-off versus Sam Bennett in Anaheim Ducks zone.
14:49 of 2nd period - Backhand shot by Aaron Ekblad.
14:49 of 2nd period - Shot Blocked by Ivan Provorov.
14:51 of 2nd period - Snap shot by Aaron Ekblad.
14:51 of 2nd period - Deflect By Brady Tkachuk.
14:51 of 2nd period - Stopped by Linus Ullmark with a rebound.
14:53 of 2nd period - Snap shot by Aaron Ekblad.
14:53 of 2nd period - Shot Blocked by Teuvo Teravainen.
14:55 of 2nd period - Wrist shot by Sam Bennett.
14:55 of 2nd period - Stopped by Linus Ullmark with a rebound.
14:57 of 2nd period - Slapshot by Aaron Ekblad.
14:57 of 2nd period - Shot Misses the Net.
15:15 of 2nd period - Icing by Nino Niederreiter.
15:16 of 2nd period - Nicolas Roy wins face-off versus John Tavares in Toronto Maple Leafs zone.
15:30 of 2nd period - Minor Penalty to Mark Scheifele for Roughing.
15:31 of 2nd period - Chandler Stephenson wins face-off versus Scott Laughton in Anaheim Ducks zone.
17:30 of 2nd period - Penalty to Mark Scheifele is over, Mark Scheifele is back on ice.
17:44 of 2nd period - Snap shot by Warren Foegele.
17:44 of 2nd period - Shot Misses the Net.
17:46 of 2nd period - Slapshot by Mario Ferraro.
17:46 of 2nd period - Shot Misses the Net.
17:48 of 2nd period - Wrist shot by Nick Bjugstad.
17:48 of 2nd period - Stopped by Linus Ullmark without a rebound.
17:49 of 2nd period - John Tavares wins face-off versus Nicolas Roy in Anaheim Ducks zone.
18:25 of 2nd period - Snap shot by Nazem Kadri.
18:25 of 2nd period - Goal by Nazem Kadri - Toronto Maple Leafs : 1 - Anaheim Ducks : 1.
18:26 of 2nd period - John Tavares wins face-off versus Scott Laughton in neutral zone.
18:35 of 2nd period - Wrist shot by Mark Scheifele.
18:35 of 2nd period - Shot Blocked by Cody Ceci.
18:37 of 2nd period - Wrist shot by John Tavares.
18:37 of 2nd period - Shot Misses the Net.
18:39 of 2nd period - Wrist shot by Mark Scheifele.
18:39 of 2nd period - Stopped by Cam Talbot without a rebound.
18:40 of 2nd period - John Tavares wins face-off versus Sam Bennett in Toronto Maple Leafs zone.
18:43 of 2nd period - Snap shot by William Nylander.
18:43 of 2nd period - Stopped by Cam Talbot without a rebound.
18:44 of 2nd period - Sam Bennett wins face-off versus John Tavares in Toronto Maple Leafs zone.
19:19 of 2nd period - Slapshot by Teuvo Teravainen.
19:19 of 2nd period - Shot Blocked by Dougie Hamilton.
19:21 of 2nd period - Snap shot by Teuvo Teravainen.
19:21 of 2nd period - Stopped by Cam Talbot without a rebound.
19:22 of 2nd period - Chandler Stephenson wins face-off versus Nicolas Roy in Toronto Maple Leafs zone.
Goals for this period are 1 for Toronto Maple Leafs vs 1 for Anaheim Ducks.
Shots for this period are 12 for Toronto Maple Leafs vs 19 for Anaheim Ducks.
3rd period
0:01 of 3rd period - Sam Bennett wins face-off versus Mark Scheifele in neutral zone.
0:10 of 3rd period - Wrist shot by Troy Terry.
0:10 of 3rd period - Shot Blocked by Joshua Morrissey.
0:12 of 3rd period - Snap shot by Sam Bennett.
0:12 of 3rd period - Stopped by Linus Ullmark without a rebound.
0:13 of 3rd period - Scott Laughton wins face-off versus John Tavares in Anaheim Ducks zone.
0:28 of 3rd period - Minor Penalty to Josh Manson for Hooking.
0:29 of 3rd period - Chandler Stephenson wins face-off versus Scott Laughton in Anaheim Ducks zone.
1:07 of 3rd period - Wrist shot by Troy Terry.
1:07 of 3rd period - Deflect By Brady Tkachuk.
1:07 of 3rd period - Shot Blocked by Ivan Provorov.
1:07 of 3rd period - Puck is out of play.
1:08 of 3rd period - Sam Bennett wins face-off versus J.T. Compher in Anaheim Ducks zone.
1:53 of 3rd period - Brady Tkachuk is hit by J.T. Compher and loses puck.
2:26 of 3rd period - Icing by Sam Bennett.
2:27 of 3rd period - Scott Laughton wins face-off versus J.T. Compher in Toronto Maple Leafs zone.
2:28 of 3rd period - Penalty to Josh Manson is over, Josh Manson is back on ice.
3:14 of 3rd period - Wrist shot by Sam Bennett.
3:14 of 3rd period - Stopped by Linus Ullmark with a rebound.
3:16 of 3rd period - Backhand shot by Cody Ceci.
3:16 of 3rd period - Shot Misses the Net.
3:40 of 3rd period - Snap shot by Nazem Kadri.
3:40 of 3rd period - Goal by Nazem Kadri - Toronto Maple Leafs : 1 - Anaheim Ducks : 2.
3:41 of 3rd period - Chandler Stephenson wins face-off versus Sam Bennett in neutral zone.
4:18 of 3rd period - Brayden Schenn is hit by Trevor Zegras and loses puck.
5:09 of 3rd period - Minor Penalty to Mason Marchment for Hooking.
5:10 of 3rd period - Scott Laughton wins face-off versus Chandler Stephenson in Anaheim Ducks zone.
5:15 of 3rd period - Wrist shot by Brandon Saad.
5:15 of 3rd period - Goal by Brandon Saad - Toronto Maple Leafs : 2 - Anaheim Ducks : 2.
5:16 of 3rd period - Sam Bennett wins face-off versus John Tavares in neutral zone.
6:02 of 3rd period - Wrist shot by Kyle Okposo.
6:02 of 3rd period - Stopped by Linus Ullmark with a rebound.
6:36 of 3rd period - Slapshot by Ryan Pulock.
6:36 of 3rd period - Shot Misses the Net.
7:10 of 3rd period - Slapshot by Dougie Hamilton.
7:10 of 3rd period - Stopped by Linus Ullmark without a rebound.
7:11 of 3rd period - Scott Laughton wins face-off versus Chandler Stephenson in Anaheim Ducks zone.
7:14 of 3rd period - Snap shot by Trevor Zegras.
7:14 of 3rd period - Stopped by Linus Ullmark with a rebound.
7:20 of 3rd period - Aaron Ekblad is hit by Chandler Stephenson and loses puck.
8:05 of 3rd period - Slapshot by J.T. Compher.
8:05 of 3rd period - Shot Blocked by Cody Ceci.
8:19 of 3rd period - Snap shot by Aaron Ekblad.
8:19 of 3rd period - Stopped by Linus Ullmark without a rebound.
8:20 of 3rd period - Nick Bjugstad wins face-off versus Nazem Kadri in Anaheim Ducks zone.
8:29 of 3rd period - Snap shot by Kyle Okposo.
8:29 of 3rd period - Shot Misses the Net.
8:31 of 3rd period - Wrist shot by Warren Foegele.
8:31 of 3rd period - Shot Misses the Net.
8:33 of 3rd period - Slapshot by Mario Ferraro.
8:33 of 3rd period - Stopped by Linus Ullmark with a rebound.
8:43 of 3rd period - Snap shot by Kyle Okposo.
8:43 of 3rd period - Deflect By Nick Bjugstad.
8:43 of 3rd period - Stopped by Linus Ullmark without a rebound.
8:44 of 3rd period - John Tavares wins face-off versus Scott Laughton in Anaheim Ducks zone.
8:46 of 3rd period - Icing by William Nylander.
8:47 of 3rd period - John Tavares wins face-off versus Scott Laughton in Anaheim Ducks zone.
9:00 of 3rd period - Snap shot by Ryan Pulock.
9:00 of 3rd period - Stopped by Linus Ullmark without a rebound.
9:01 of 3rd period - Sam Bennett wins face-off versus John Tavares in Anaheim Ducks zone.
9:08 of 3rd period - Snap shot by Brady Tkachuk.
9:08 of 3rd period - Stopped by Linus Ullmark with a rebound.
9:14 of 3rd period - Snap shot by Sam Bennett.
9:14 of 3rd period - Stopped by Linus Ullmark without a rebound.
9:15 of 3rd period - John Tavares wins face-off versus Scott Laughton in Anaheim Ducks zone.
9:26 of 3rd period - Wrist shot by John Tavares.
9:26 of 3rd period - Stopped by Cam Talbot without a rebound.
9:27 of 3rd period - Scott Laughton wins face-off versus John Tavares in Toronto Maple Leafs zone.
9:32 of 3rd period - Snap shot by Brandon Saad.
9:32 of 3rd period - Stopped by Linus Ullmark without a rebound.
9:33 of 3rd period - John Tavares wins face-off versus Scott Laughton in Anaheim Ducks zone.
12:15 of 3rd period - Slapshot by Aaron Ekblad.
12:15 of 3rd period - Shot Misses the Net.
12:17 of 3rd period - Slapshot by Aaron Ekblad.
12:17 of 3rd period - Deflect By Nazem Kadri.
12:17 of 3rd period - Stopped by Linus Ullmark with a rebound.
12:19 of 3rd period - Wrist shot by Scott Laughton.
12:19 of 3rd period - Shot Blocked by Calle Jarnkrok.
12:29 of 3rd period - Brenden Dillon is hit by Aaron Ekblad.
12:35 of 3rd period - Snap shot by Josh Manson.
12:35 of 3rd period - Stopped by Cam Talbot without a rebound.
12:36 of 3rd period - John Tavares wins face-off versus Nick Bjugstad in Toronto Maple Leafs zone.
12:37 of 3rd period - Snap shot by William Nylander.
12:37 of 3rd period - Stopped by Cam Talbot with a rebound.
12:39 of 3rd period - Wrist shot by John Tavares.
12:39 of 3rd period - Shot Blocked by Luke Schenn.
12:41 of 3rd period - Snap shot by Joshua Morrissey.
12:41 of 3rd period - Stopped by Cam Talbot with a rebound.
12:43 of 3rd period - Slapshot by John Tavares.
12:43 of 3rd period - Deflect By William Nylander.
12:43 of 3rd period - Shot Blocked by Kyle Okposo.
12:43 of 3rd period - Puck is out of play.
12:44 of 3rd period - Troy Terry wins face-off versus John Tavares in Toronto Maple Leafs zone.
13:07 of 3rd period - Snap shot by Mark Scheifele.
13:07 of 3rd period - Stopped by Cam Talbot with a rebound.
13:15 of 3rd period - Slapshot by Mark Scheifele.
13:15 of 3rd period - Shot Misses the Net.
13:27 of 3rd period - Snap shot by Mark Scheifele.
13:27 of 3rd period - Shot Misses the Net.
14:22 of 3rd period - Snap shot by Nicolas Roy.
14:22 of 3rd period - Goal by Nicolas Roy - Toronto Maple Leafs : 3 - Anaheim Ducks : 2.
14:23 of 3rd period - Chandler Stephenson wins face-off versus Troy Terry in neutral zone.
14:32 of 3rd period - Wrist shot by Chandler Stephenson.
14:32 of 3rd period - Shot Misses the Net.
14:34 of 3rd period - Snap shot by Teuvo Teravainen.
14:34 of 3rd period - Shot Misses the Net.
14:53 of 3rd period - Snap shot by Max Domi.
14:53 of 3rd period - Shot Misses the Net.
14:57 of 3rd period - Slapshot by Brayden Schenn.
14:57 of 3rd period - Shot Misses the Net.
14:59 of 3rd period - Slapshot by Brenden Dillon.
14:59 of 3rd period - Shot Misses the Net.
15:01 of 3rd period - Slapshot by Josh Manson.
15:01 of 3rd period - Shot Blocked by Scott Laughton.
15:35 of 3rd period - Snap shot by Aaron Ekblad.
15:35 of 3rd period - Shot Misses the Net.
15:37 of 3rd period - Snap shot by Cody Ceci.
15:37 of 3rd period - Shot Blocked by Ivan Provorov.
16:51 of 3rd period - Snap shot by Brady Tkachuk.
16:51 of 3rd period - Stopped by Linus Ullmark without a rebound.
16:52 of 3rd period - Sam Bennett wins face-off versus John Tavares in Anaheim Ducks zone.
17:04 of 3rd period - Minor Penalty to Josh Manson for Hooking.
17:05 of 3rd period - Chandler Stephenson wins face-off versus Scott Laughton in Anaheim Ducks zone.
17:30 of 3rd period - Brady Tkachuk is hit by Chandler Stephenson and loses puck.
18:38 of 3rd period - Trevor Zegras is hit by Brenden Dillon.
19:04 of 3rd period - Penalty to Josh Manson is over, Josh Manson is back on ice.
19:12 of 3rd period - Anaheim Ducks, Linus Ullmark is pulled from the net.
19:41 of 3rd period - Slapshot by Aaron Ekblad.
19:41 of 3rd period - Goal by Aaron Ekblad - Toronto Maple Leafs : 4 - Anaheim Ducks : 2.
19:41 of 3rd period - Linus Ullmark from Anaheim Ducks was sent back in the game.
19:42 of 3rd period - Chandler Stephenson wins face-off versus Nick Bjugstad in neutral zone.
19:50 of 3rd period - Off-side.
19:51 of 3rd period - Chandler Stephenson wins face-off versus Kyle Okposo in neutral zone.
Goals for this period are 3 for Toronto Maple Leafs vs 1 for Anaheim Ducks.
Shots for this period are 17 for Toronto Maple Leafs vs 6 for Anaheim Ducks.
Back to the Top